 Dungeon Crawl Stone Soup version 0.29.0-7-g18a832c13a (webtiles) character file.

Game seed: 6092034941973825623

284 browni3141 the Distorting Cat (level 6, -4/28 HPs)
             Began as a Felid Abyssal Knight on Sept 1, 2022.
             Was a Believer of Lugonu.
             Slain by an orc priest
             ... wielding a +1 flail of protection
              (8 damage)
             ... on level 4 of the Dungeon.
             The game lasted 00:54:09 (11386 turns).

browni3141 the Distorting Cat (FeAK)               Turns: 11386, Time: 00:54:09

Health: -4/28      AC:  2    Str:  9    XL:     6   Next: 7%
Magic:  11/11      EV: 18    Int: 13    God:    Lugonu [**....]
Gold:   239        SH:  0    Dex: 17    Spells: 6/7 levels left
                                        Lives:  0   Deaths: 1

rFire   . . .      SeeInvis +     - Unarmed
rCold   . . .      Faith    .   (shield unavailable)
rNeg    . . .      Spirit   .   (body armour unavailable)
rPois   .          Reflect  .   (helmet unavailable)
rElec   .          Harm     .   (cloak unavailable)
rCorr   .          Rampage  .   (gloves unavailable)
Will    .....                   (boots unavailable)
Stlth   ++........              (no amulet)
HPRegen 0.09/turn               (no ring)
MPRegen 0.12/turn               (no ring)

@: about to teleport, quick
A: very small, claws 1, fangs 3, see invisible, speed 1, shaggy fur 2, stealthy
paws, no weapons or thrown items, no armour, multi-lived
a: Renounce Religion, Depart the Abyss, Bend Space


You were on level 4 of the Dungeon.
You worshipped Lugonu.
Lugonu was pleased with you.
You visited 2 branches of the dungeon, and saw 6 of its levels.
You visited the Abyss 1 time.

You collected 239 gold pieces.


Innate Abilities, Weirdness & Mutations

You have sharp claws.
You have razor-sharp teeth.
You have supernaturally acute eyesight. (SInv)
You cover ground quickly. (Speed+)
You are covered in thick fur. (AC +2)
Your paws help you pounce on unaware monsters.
You are incapable of wielding weapons or throwing items.
You cannot wear armour.
You gain extra lives every three experience levels.


   Skills:
 - Level 4.0 Fighting
 - Level 3.6 Dodging
 - Level 2.0 Stealth
 - Level 2.0 Unarmed Combat
 - Level 1.2 Spellcasting
 * Level 6.3 Invocations


You had 6 spell levels left.
You knew the following spells:

 Your Spells              Type           Power      Damage    Failure   Level
s - Slow                  Hex            0%         N/A       28%         1

Your spell library contained the following spells:

 Spells                   Type           Power      Damage    Failure   Level
 Summon Small Mammal      Summ           0%         N/A       28%         1
 Sublimation of Blood     Necr           0%         N/A       38%         2
 Wereblood                Tmut           0%         N/A       38%         2
 Call Canine Familiar     Summ           0%         N/A       63%         3
 Confusing Touch          Hex            0%         N/A       63%         3
 Ignite Poison            Fire/Tmut/Pois 0%         N/A       63%         3
 Mephitic Cloud           Conj/Pois/Air  0%         N/A       63%         3
 Summon Guardian Golem    Hex/Summ       0%         N/A       63%         3
 Vampiric Draining        Necr           0%         2d6       63%         3
 Freezing Cloud           Conj/Ice/Air   0%         6-21      100%        5
 Dispersal                Tloc           0%         N/A       100%        6
 Summon Hydra             Summ           0%         N/A       100%        7
 Disjunction              Tloc           0%         N/A       100%        8

Inventory:

Wands
 p - a wand of digging (8)
Scrolls
 c - a scroll of amnesia
 e - a scroll of torment {!r}
 g - a scroll of poison {unknown}
 i - a scroll of brand weapon
 j - a scroll of immolation {!r}
 k - a scroll of vulnerability {unknown}
 l - a scroll of enchant weapon {unknown}
 o - a scroll of silence {!r}
Potions
 f - a potion of attraction {unknown}
 h - a potion of ambrosia {unknown}
 n - a potion of heal wounds {unknown}

Dungeon Overview and Level Annotations

Branches:
Dungeon (5/15)             Temple (1/1) D:4

Altars:
Elyvilon
Fedhas
Gozag
Hepliaklqana
Okawaru
Qazlal
Sif Muna
Trog
Uskayaw
Vehumet
Zin

Annotations:
D:4 exclusion: scorpion

############
###.....§.@o§#
#######...§≈≈≈§§so.#
..#.....≈≈§...§§§..#
?...§≈§≈≈§......≈..#
..≈§≈§≈≈.§.§≈§§§...#
≈≈§≈...§§.§§≈§§≈...#
≈≈§..§..§§≈...§§§..#
....≈≈§≈≈§..?..§...#
..§≈§§....#...####.#


You could see a scorpion, an orc priest and an orc wizard (invisible).


Message History

The scorpion is almost dead.
The scorpion closely misses you.
You barely miss the scorpion.
The scorpion is almost dead.
The scorpion misses you. x2
You scratch the scorpion but do no damage.
The scorpion is almost dead.
The scorpion closely misses you.
The orc wizard hits you with a +0 short sword.
* * * LOW HITPOINT WARNING * * *
You closely miss the scorpion.
The scorpion is almost dead.
The scorpion misses you. The orc wizard casts a spell at you.
The puff of flame misses you.
You closely miss the scorpion.
The scorpion is almost dead.
The scorpion closely misses you.
The orc wizard hits you but does no damage.
Okay, then.
As you read the scroll labelled JOTZAP ZAMM, it crumbles to dust.
You hear a loud clanging noise!
It was a scroll of noise.
The scorpion misses you. The orc wizard closely misses you.
Unknown command.
As you read the scroll labelled MOLAENI IHANG, it crumbles to dust.
You feel strangely unstable.
It was a scroll of teleportation.
The scorpion stings you but does no damage.
The orc priest hits you with a +1 flail of protection!
You die...

Skill      XL: |  1  2  3  4  5 |
---------------+----------------+-----
Stealth        | 1 2 |  2.0
Fighting       | 4 |  4.0
Spellcasting   | 1 |  1.2
Invocations    | 2 5 6 |  6.3
Dodging        | |  3.6
Unarmed Combat | |  2.0

Action                   |  1- 3 |  4- 6 || total
-------------------------+-------+-------++-------
Melee: Unarmed           |   184 |   189 ||   373
       Bite              |    22 |    38 ||    60
       Punch             |     2 |     3 ||     5
Invok: Bend Space        |       |     1 ||     1
Evoke: Wand              |       |     5 ||     5
  Use: Scroll            |     6 |     3 ||     9
       Potion            |     1 |     3 ||     4
 Stab: Sleeping          |     5 |     1 ||     6
       Distracted        |     1 |       ||     1
Armor: Skin              |     7 |     5 ||    12
Dodge: Dodged            |   112 |   155 ||   267

Levels and vault maps discovered:
D:1:      minmay_arrival_open_corners, layout_basic,
          chequers_ecumenical_altar_island, dk_noncrumbling_2, minmay_3d_cube
D:2:      layout_basic, basic_altar
D:3:      layout_basic, minmay_statues_item, minmay_misc_feat_four_crosses,
          kennysheep_path_1, uniq_grinder
D:4:      layout_cave_pools, mainiacjoe_overflow_catch_the_wave,
          minmay_temple_entry_junction, serial_column_ruins,
          column_ruins_open_large, column_ruins_open_small_water,
          column_ruins_grid_3, column_ruins_columns_T, column_ruins_open_large,
          chequers_serial_rivers_room_a, st_stairs_2
D:5:      minmay_bubble_buster, layout_rooms, nicolae_gozag_seed_capital
Temple:   nicolae_temple_ecumenical_triangle

Notes
Turn   | Place    | Note
-------+----------+-------------------------------------------
     0 | Abyss:1  | browni3141 the Felid Abyssal Knight began the quest for the
                  | Orb.
     0 | Abyss:1  | Reached XP level 1. HP: 10/10 MP: 3/3
     0 | Abyss:1  | Noticed a starflower
     3 | D:1      | You pass through the gate.
     3 | D:1      | Escaped the Abyss
    54 | D:1      | Found a faded altar of an unknown god.
   632 | D:1      | You fall into a shaft and drop 1 floor!
   828 | D:1      | Reached skill level 1 in Stealth
   917 | D:1      | Reached XP level 2. HP: 14/14 MP: 4/4
  1913 | D:1      | Reached skill level 2 in Stealth
  1978 | D:2      | Found a shimmering blue altar of Sif Muna.
  2329 | D:2      | Reached XP level 3. HP: 15/18 MP: 5/5
  2453 | D:1      | Reached skill level 4 in Fighting
  2958 | D:3      | Reached *** piety under Lugonu
  3292 | D:3      | Noticed Grinder
  3568 | D:3      | Learned a level 1 spell: Slow
  3604 | D:3      | Identified the +10 sling of Ignis's Castigation {flame,
                  | Int+3}
  4129 | D:4      | Reached skill level 1 in Spellcasting
  4197 | D:4      | Noticed a black bear
  4452 | D:4      | Found a staircase to the Ecumenical Temple.
  4461 | Temple   | Entered the Ecumenical Temple
  6148 | D:1      | Reached skill level 2 in Invocations
  6148 | D:1      | Reached XP level 4. HP: 22/22 MP: 6/6
  6295 | D:5      | Entered Level 5 of the Dungeon
  6295 | D:5      | Noticed a scorpion
  6295 | D:5      | Found an opulent altar of Gozag.
  6302 | D:4      | Noticed a scorpion
  6535 | D:3      | Reached skill level 3 in Invocations
  6535 | D:3      | Killed Grinder
  6536 | D:3      | Reached skill level 5 in Invocations
  6536 | D:3      | Reached XP level 5. HP: 23/25 MP: 6/9
  6536 | D:3      | Gained mutation: You are covered in thick fur. (AC +2)
                  | [Felid growth]
  6536 | D:3      | Reached XP level 6. HP: 26/28 MP: 6/10
  7064 | D:4      | Found a white marble altar of Elyvilon.
 10993 | D:3      | Slain by a gnoll
 10994 | D:3      | Reached XP level 5. HP: -1/25 MP: 10/10
 11031 | D:3      | Reached skill level 6 in Invocations
 11170 | D:4      | Reached XP level 6. HP: 18/28 MP: 11/11
 11347 | D:4      | Found a hide-covered altar of Uskayaw.
 11386 | D:4      | Slain by an orc priest

Vanquished Creatures
  Grinder (D:3)
  2 scorpions
  A gnoll bouda (D:3)
  An iguana (D:1)
  An adder (D:2)
  4 gnolls (D:3)
  3 dart slugs
  3 orcs (D:4)
  A bat (D:1)
  7 endoplasms
  5 giant cockroaches
  7 goblins
  5 hobgoblins
  4 jackals (D:1)
  6 kobolds
  4 quokkas
  2 ball pythons (D:4)
  4 frilled lizards
  3 rats
64 creatures vanquished.

Table legend: (Time is in decaauts)
 A = Elapsed time spent in this place.
 B = Non-inter-level travel time spent in this place.
 C = Inter-level travel time spent in this place.
 D = Time resting spent in this place.
 E = Time spent auto-exploring this place.
 F = Levels seen in this place.
 G = Mean time per level.
                   A        B        C        D        E       F      G
               +--------+--------+--------+--------+--------+-----+--------+
         Total |  10464 |   9949 |    515 |   5632 |    261 |   7 | 1494.9 |
       Dungeon |  10426 |   9925 |    501 |   5632 |    246 |   5 | 2085.2 |
        Temple |     35 |     22 |     13 |      0 |     15 |   1 |   35.0 |
         Abyss |      2 |      2 |      0 |      0 |      0 |   1 |    2.0 |
               +--------+--------+--------+--------+--------+-----+--------+

Top non-repeatable levels by time:
     D:3: 3140 daAuts
     D:2: 2645 daAuts
     D:1: 2620 daAuts
     D:4: 1956 daAuts
     D:5: 63 daAuts
  Temple: 35 daAuts
 Abyss:1: 2 daAuts

Table legend:
 A = Non-vault XP
 B = Vault XP
 C = Vault XP percentage of total XP
 D = Non-vault monster count
 E = Vault monster count
 F = Vault count percentage of total count
                 A         B        C        D         E       F
            +---------+---------+-------+---------+---------+-------
      Total |     367 |     322 |  46.7 |      59 |       5 |   7.8
            +---------+---------+-------+---------+---------+-------
        D:1 |      66 |       2 |   2.9 |      16 |       1 |   5.9
        D:2 |      30 |       0 |   0.0 |      11 |       0 |   0.0
        D:3 |      72 |     318 |  81.5 |      15 |       2 |  11.8
        D:4 |     119 |       2 |   1.7 |      16 |       2 |  11.1
        D:5 |      80 |       0 |   0.0 |       1 |       0 |   0.0
            +---------+---------+-------+---------+---------+-------
